Map: [TLMC15] Curious Minds

Players

HeroMarine

  • Race: Terran Terran

Reynor - Winner!

  • Race: Zerg Zerg

Event: DreamHack SC2 Masters Last Chance 2022

VOD

Have the link to the VOD?

Description

Time

  • Played on: Jan. 12, 2022, 1:15 p.m.
  • Length: 13:05

All games in this series

Show
View Real Time Build Order
Export as new Build Order

HeroMarine Terran 

Build Orders: Hellion Opening 

Get SALT Encoding   

  12  0:00  SCV  
  13  0:12  SCV  
  14  0:16  Supply Depot  
  14  0:24  SCV  
  15  0:38  SCV  
  15  0:40  Barracks  
  16  0:43  Refinery  
  16  0:50  SCV  
  17  1:02  SCV  
  18  1:14  SCV  
  19  1:27  Marine, Orbital Command  
  20  1:37  Command Center  
  20  1:44  Marine  
  20  1:46  Supply Depot  
  21  1:52  SCV  
  22  2:02  Marine  
  22  2:06  Factory  
  22  2:07  SCV  
  24  2:20  SCV  
  24  2:21  Refinery  
  25  2:23  Barracks Reactor  
  25  2:32  SCV  
  26  2:44  SCV  
  27  2:50  Orbital Command  
  27  2:51  Starport  
  27  2:56  SCV  
  28  3:03  Hellion x2  
  32  3:08  SCV  
  33  3:16  SCV  
  34  3:20  Supply Depot, SCV  
  34  3:24  Hellion  
  34  3:25  Hellion  
  39  3:28  Fusion Core  
  39  3:29  SCV  
  39  3:30  Starport Tech Lab  
  39  3:32  SCV  
  41  3:43  Supply Depot, SCV  
  41  3:45  SCV  
  41  3:46  Hellion x2  
  47  3:55  SCV  
  48  3:57  SCV  
  49  4:08  SCV  
  49  4:09  SCV, Command Center  
  51  4:19  Battlecruiser  
  51  4:21  SCV  
  51  4:22  SCV  
  59  4:26  Supply Depot  
  59  4:30  Barracks Tech Lab  
  59  4:34  SCV  
  60  4:43  SCV, Barracks  
  60  4:45  Barracks  
  61  4:46  SCV  
  61  4:47  Factory Reactor  
  61  4:49  Stimpack, Marine  
  61  4:51  Supply Depot  
  63  4:56  SCV  
  63  4:58  SCV  
  65  5:00  Refinery  
  65  5:01  Refinery  
  65  5:05  Engineering Bay x2  
  65  5:08  SCV, Marine  
  65  5:10  SCV  
  68  5:20  SCV  
  69  5:21  Orbital Command  
  69  5:22  SCV  
  69  5:26  Marine  
  71  5:30  Starport Reactor  
  71  5:32  Terran Infantry Weapons Level 1, SCV, Terran Infantry Armor Level 1  
  71  5:34  SCV  
  73  5:41  Marine x2  
  76  5:43  Orbital Command  
  76  5:44  SCV  
  76  5:46  SCV  
  77  5:51  Marine x2, Barracks  
  77  5:53  Supply Depot  
  77  5:54  Marine  
  77  5:56  SCV  
  81  5:58  SCV, Barracks  
  81  5:59  Marine  
  83  6:04  Siege Tank  
  83  6:08  Supply Depot, SCV  
  83  6:10  SCV  
  83  6:11  SCV  
  89  6:14  Medivac  
  89  6:16  Medivac  
  93  6:20  SCV  
  93  6:22  SCV  
  93  6:23  SCV  
  96  6:26  Supply Depot, Marine  
  96  6:29  Combat Shield  
  96  6:30  Supply Depot  
  96  6:31  Marine  
  96  6:32  SCV, Marine x3  
  102  6:35  SCV x2  
  102  6:38  Siege Tank  
  107  6:44  SCV, Marine  
  107  6:46  Barracks Reactor x2  
  109  6:47  SCV x2  
  109  6:49  Marine  
  109  6:50  Supply Depot  
  112  6:56  Marine x2  
  112  6:57  SCV, Marine  
  112  6:59  Medivac x2, SCV x2  
  122  7:01  Marine  
  122  7:04  Refinery  
  122  7:06  Marine  
  122  7:07  Supply Depot x2  
  124  7:09  SCV  
  124  7:12  SCV x2  
  124  7:14  Siege Tank, Marine x3  
  133  7:25  Barracks  
  133  7:26  Barracks  
  133  7:28  SCV, Marine x4, Barracks  
  138  7:34  Marine x5  
  135  7:38  Medivac  
  135  7:42  Medivac  
  139  7:46  Marine x4  
  143  7:51  Armory  
  143  7:52  Marine x5  
  148  8:03  Supply Depot  
  148  8:04  Marine  
  149  8:10  Supply Depot  
  149  8:12  Supply Depot  
  149  8:25  Siege Tank, Marine x5  
  157  8:29  Marine  
  157  8:30  Supply Depot  
  157  8:32  Supply Depot  
  157  8:33  Supply Depot  
  150  8:36  Marine x6  
  150  8:38  Liberator x2  
  150  8:39  Terran Infantry Weapons Level 2  
  154  8:42  Marine x5  
  154  8:47  Marine  
  160  8:54  Marine x6  
  166  8:57  Siege Tank  
  166  9:00  Marine x5  
  174  9:05  Marine  
  175  9:12  Terran Infantry Armor Level 2, Marine x6  
  175  9:14  Sensor Tower  
  175  9:18  Marine x5  
  175  9:22  Marine  
  181  9:29  Siege Tank  
  181  9:30  Medivac, Marine x5  
  181  9:31  Medivac, Marine  
  158  9:48  Marine x2  
  158  9:51  Marine  
  158  9:52  Marine x7  
  168  9:59  Marine  
  159  10:00  Liberator x2  
  159  10:01  Siege Tank  
  139  10:09  Marine x5  
  139  10:10  Marine x4  
  139  10:12  Marine x2  
  150  10:17  Marine  
  151  10:24  Factory  
  151  10:26  Drilling Claws  
  151  10:27  Marine x9  
  160  10:29  Marine  
  160  10:30  Marine  
  160  10:34  Widow Mine  
  160  10:35  Marine  
  148  10:43  Liberator x2  
  148  10:45  Marine x9  
  148  10:47  Marine x2  
  165  10:53  Marine  
  166  11:02  Widow Mine  
  166  11:03  Marine x5  
  166  11:04  Marine x3  
  174  11:05  Marine x2  
  174  11:07  Marine  
  176  11:11  Marine  
  177  11:21  Marine x2  
  178  11:26  Liberator x2, Marine x2  
  178  11:27  Marine x7  
  178  11:32  Marine  
  189  11:35  Factory Tech Lab  
  189  11:36  Factory Tech Lab  
  189  11:38  Marine  
  189  11:39  Marine  
  186  11:44  Marine x6  
  186  11:46  Siege Tank  
  189  11:54  Marine x3  
  189  11:55  Marine  
  189  11:56  Siege Tank, Marine x2  
  191  12:18  Marine x3  
  191  12:22  Marine  
  178  12:23  Marine x2  
  178  12:26  Marine x6  
  178  12:27  Siege Tank  
  195  12:35  Marine  
  195  12:36  Marine x2  
  186  12:39  Marine  
  186  12:41  Marine x2  
  186  12:43  Marine  
  186  12:44  Marine  
Show
View Real Time Build Order
Export as new Build Order

Reynor Zerg - Winner!

Build Orders: Hatch First 

Get SALT Encoding   

  12  0:00  Drone  
  13  0:11  Overlord  
  13  0:16  Drone  
  14  0:30  Drone x2  
  16  0:47  Hatchery  
  15  0:50  Drone  
  15  0:54  Drone  
  15  0:56  Drone  
  18  1:08  Extractor  
  17  1:13  Spawning Pool  
  17  1:15  Drone  
  17  1:18  Drone  
  18  1:27  Drone  
  19  1:38  Drone  
  20  1:48  Overlord  
  20  2:00  Queen  
  20  2:01  Zergling x4, Queen  
  26  2:10  Overlord  
  26  2:12  Drone  
  26  2:13  Metabolic Boost  
  27  2:20  Drone x2  
  29  2:31  Drone x2  
  31  2:41  Hatchery  
  29  2:46  Drone x2  
  29  2:49  Queen  
  33  2:54  Overlord  
  33  2:56  Zergling x2  
  34  3:03  Drone  
  34  3:04  Drone  
  35  3:14  Drone x3  
  35  3:15  Drone  
  35  3:17  Overlord  
  39  3:20  Queen  
  39  3:25  Zergling x2  
  39  3:26  Queen  
  44  3:35  Zergling x2  
  44  3:38  Zergling x2  
  44  3:40  Overlord  
  46  3:47  Zergling x2  
  48  3:48  Zergling x4  
  48  3:51  Drone x2  
  48  3:53  Overlord  
  51  3:57  Drone x2  
  51  3:58  Drone x2, Queen  
  57  4:06  Drone x2, Queen  
  61  4:11  Queen  
  61  4:13  Zergling x2  
  61  4:14  Zergling x2  
  61  4:16  Drone  
  64  4:20  Drone  
  64  4:23  Zergling x2  
  66  4:25  Drone  
  66  4:27  Drone x3  
  66  4:31  Overlord  
  70  4:32  Drone  
  70  4:34  Drone x3  
  73  4:41  Lair  
  73  4:42  Drone, Spore Crawler  
  73  4:46  Spore Crawler  
  73  4:47  Drone  
  73  4:49  Spore Crawler  
  73  4:50  Drone  
  72  4:55  Drone  
  72  4:56  Drone, Extractor  
  72  4:58  Drone, Baneling Nest  
  72  4:59  Drone  
  74  5:00  Drone  
  74  5:01  Drone  
  74  5:05  Overlord  
  74  5:06  Drone  
  77  5:09  Drone  
  77  5:11  Queen  
  80  5:14  Drone  
  80  5:16  Overlord  
  80  5:20  Overlord  
  81  5:24  Drone x5  
  81  5:25  Drone x2  
  88  5:30  Drone  
  88  5:33  Extractor  
  88  5:34  Zergling x6, Extractor  
  88  5:40  Zergling x2  
  86  5:44  Overlord  
  86  5:46  Drone x3  
  86  5:50  Drone x3, Queen  
  86  5:53  Drone x2  
  93  6:00  Centrifugal Hooks  
  93  6:03  Evolution Chamber  
  92  6:04  Drone x2, Evolution Chamber  
  92  6:05  Drone  
  92  6:06  Drone  
  95  6:28  Hatchery, Overlord x2  
  95  6:29  Overlord  
  95  6:30  Zerg Ground Armor Level 1  
  94  6:37  Hatchery  
  93  6:41  Spore Crawler, Zerg Melee Weapons Level 1  
  93  6:43  Overlord  
  93  6:46  Zergling x16  
  93  6:47  Zergling x6  
  101  6:50  Zergling x2  
  101  6:51  Zergling x2  
  104  6:55  Zergling x8  
  104  6:59  Zergling x2  
  109  7:03  Zergling x8  
  113  7:09  Baneling x9  
  113  7:10  Overlord  
  113  7:11  Drone  
  113  7:13  Drone  
  115  7:20  Drone x2  
  117  7:23  Baneling, Overlord  
  117  7:24  Baneling x5  
  117  7:31  Zergling x4  
  117  7:35  Drone x3  
  117  7:36  Drone x2  
  120  7:37  Baneling x3  
  120  7:38  Baneling  
  120  7:40  Overlord  
  120  7:42  Drone x3  
  123  7:45  Zergling x4  
  123  7:47  Baneling x4  
  123  7:48  Zergling x2  
  123  7:50  Queen  
  128  7:51  Drone  
  128  7:55  Baneling x6  
  128  7:56  Zergling x4  
  128  7:57  Zergling x2  
  131  8:00  Overlord  
  131  8:04  Zergling x18  
  140  8:08  Baneling x5  
  140  8:09  Overlord  
  140  8:10  Zergling x4  
  140  8:12  Zergling x2  
  141  8:15  Zergling x8  
  141  8:19  Overlord  
  145  8:21  Zergling x2  
  145  8:24  Zergling x4  
  145  8:26  Baneling x4  
  148  8:27  Zergling x2  
  148  8:30  Zergling x2  
  148  8:32  Zergling x6  
  147  8:41  Zerg Melee Weapons Level 2, Zerg Ground Armor Level 2  
  147  8:45  Extractor  
  147  8:46  Infestation Pit, Drone x5  
  147  8:47  Zergling x2  
  151  8:51  Baneling x6  
  151  8:52  Zergling x4  
  151  8:55  Zergling x10  
  158  9:02  Drone x2  
  160  9:03  Drone  
  160  9:04  Drone  
  160  9:05  Drone  
  160  9:06  Extractor  
  160  9:07  Extractor  
  160  9:09  Overlord  
  161  9:10  Zergling x4  
  161  9:12  Burrow  
  160  9:18  Zergling x22  
  160  9:22  Baneling x8  
  170  9:24  Zergling x4  
  170  9:25  Zergling x4  
  170  9:26  Baneling x7  
  176  9:31  Zergling x8  
  176  9:35  Zergling x8  
  178  9:40  Zergling x6  
  178  9:42  Zergling x4  
  159  9:48  Drone x2, Hive  
  159  9:49  Drone  
  159  9:50  Hydralisk Den  
  159  9:51  Zergling x2  
  162  9:53  Baneling x5  
  162  9:54  Queen, Spore Crawler  
  162  9:56  Zergling x4  
  162  9:57  Zergling x4  
  155  10:01  Zergling x2  
  155  10:04  Zergling x4  
  155  10:06  Zergling x6  
  140  10:10  Zergling x4  
  142  10:17  Zergling x6  
  142  10:19  Zergling x4  
  142  10:20  Zergling x10  
  152  10:21  Queen, Lurker Den  
  152  10:24  Baneling x7  
  152  10:25  Zergling x4  
  152  10:26  Zergling x2  
  156  10:28  Zergling x2  
  156  10:30  Zergling x2  
  156  10:33  Zergling x2  
  155  10:41  Queen  
  155  10:42  Queen  
  155  10:45  Hydralisk x9  
  155  10:49  Drone x7  
  180  10:50  Drone x2  
  180  10:52  Spore Crawler  
  180  10:53  Spore Crawler, Overlord  
  181  10:57  Drone x2, Queen  
  181  10:58  Spore Crawler  
  181  10:59  Hydralisk  
  181  11:02  Hydralisk  
  187  11:04  Zergling x4  
  187  11:07  Overlord  
  189  11:12  Zergling x4  
  189  11:15  Baneling x7  
  189  11:16  Baneling x2  
  189  11:17  Zergling x8  
  195  11:22  Drone x2  
  195  11:23  Drone  
  198  11:27  Drone  
  198  11:32  Hydralisk, Zergling x6  
  196  11:33  Zergling x4  
  196  11:34  Drone  
  196  11:38  Seismic Spines  
  196  11:39  Zergling x4  
  198  11:41  Drone x2  
  198  11:42  Drone  
  199  11:54  Extractor  
  199  11:58  Lurker x2  
  200  12:07  Baneling x2  
  200  12:08  Baneling x14  
  200  12:10  Baneling  
  200  12:13  Zergling x12  
  194  12:16  Hydralisk  
  194  12:17  Hydralisk, Zergling x2  
  194  12:18  Zergling x14  
  190  12:23  Zergling x22  
  190  12:25  Zergling x2  
  199  12:36  Zergling x4  
  199  12:44  Baneling x8  

Tags
 
Add a new tag
Caveats
  • Supply blocks, unpowered buildings, or Contaminate may cause inaccurate times.
  • Supply counts are checked every 10 seconds.